 Dungeon Crawl Stone Soup version 0.25.1-1-g288607f5aa (webtiles) character file.

Game seed: 17228830733907701942

1634 H0rd4k the Insei (level 8, 0/51 HPs)
             Began as an Octopode Transmuter on July 22, 2020.
             Slain by a gnoll
             ... wielding a +1 vorpal hand axe
              (2 damage)
             ... on level 7 of the Dungeon on July 23, 2020.
             The game lasted 00:22:54 (9672 turns).

H0rd4k the Insei (Octopode Transmuter)              Turns: 9672, Time: 00:22:55

Health: 0/51       AC:  1    Str: 10    XL:     8   Next: 98%
Magic:  15/15      EV: 14    Int: 17    God:
Gold:   347        SH:  0    Dex: 12    Spells: 11/17 levels left

rFire    . . .     SeeInvis .     - Unarmed
rCold    . . .     Gourm    .   (no shield)
rNeg     . . .     Faith    .   (helmet restricted)
rPois    .         Spirit   .   (no amulet)
rElec    .         Reflect  .   q - ring of flight
rCorr    .         Harm     .   (no ring)
MR       .....                  (no ring)
Stlth    ++++......             (no ring)
HPRegen  0.17/turn              (no ring)
MPRegen  0.14/turn              (no ring)
                                (no ring)
                                (no ring)

@: appendage (expiring), very slightly contaminated, invisible
A: almost no armour, stealthy swim, amphibious, 8 rings, constrict 8, tentacle
spike 3, camouflage 1, gelatinous body 1
a: End Transformation, Evoke Flight


You were on level 7 of the Dungeon.
You were not hungry.
One of your tentacles had a temporary spike.
You visited 1 branch of the dungeon, and saw 8 of its levels.

You collected 347 gold pieces.

Inventory:

Hand Weapons
 o - the +6 hand axe "Xeusiph" {vorpal, *Rage rN++ Stlth+}
   (You found it on level 7 of the Dungeon)

   It inflicts extra damage upon your enemies.
   It greatly protects you from negative energy.
   It may make you go berserk in combat.
   It makes you more stealthy.
Missiles
 a - 105 arrows
 z - 16 poisoned darts (quivered)
Jewellery
 q - a ring of flight (left tentacle)
Wands
 b - a wand of disintegration (6)
 n - a wand of clouds (5)
 u - a wand of flame (13)
Scrolls
 e - 4 scrolls of teleportation
 f - 2 scrolls of identify
 g - 2 scrolls of noise {unknown}
 i - a scroll of enchant weapon {unknown}
 j - a scroll of magic mapping {unknown}
 l - 6 scrolls of remove curse
 p - 3 scrolls of blinking {unknown}
 r - 2 scrolls of immolation {unknown}
 s - 3 scrolls of enchant armour {unknown}
 t - 4 scrolls of fear {unknown}
 w - a scroll of amnesia {unknown}
 x - a scroll of random uselessness {unknown}
Potions
 d - a potion of flight
 h - 2 potions of berserk rage
 v - a potion of might {unknown}
 B - a potion of degeneration {unknown}
 C - a potion of cancellation {unknown}
Comestibles
 c - 9 rations
 k - 4 chunks of flesh


   Skills:
 + Level 2.7 Fighting
 + Level 0.1 Throwing
 + Level 3.3 Dodging
 + Level 4.4 Stealth
 + Level 7.4 Unarmed Combat
 * Level 5.2 Spellcasting
 * Level 4.5 Transmutations
 + Level 1.3 Evocations


You had 11 spell levels left.
You knew the following spells:

 Your Spells              Type           Power        Failure   Level  Hunger
a - Beastly Appendage     Tmut           ###...       2%          1    None
b - Sticks to Snakes      Tmut           ###.....     3%          2    #......
c - Spider Form           Tmut/Pois      ##........   16%         3    ###....

Your spell library contained the following spells:

 Spells                   Type           Power        Failure   Level  Hunger
 Animate Skeleton         Necr           N/A          14%         1    None
 Apportation              Tloc           #.....       14%         1    None
 Corona                   Hex            #......      14%         1    None
 Summon Small Mammal      Summ           #...         14%         1    None
 Ice Form                 Ice/Tmut       ##......     47%         4    ####...
 Blade Hands              Tmut           ###.......   52%         5    ######.


Dungeon Overview and Level Annotations

Branches:
Dungeon (8/15)             Temple (0/1) D:6
   Lair: D:8-11

Altars:
Cheibriados
Elyvilon
Fedhas
Trog
Uskayaw
Vehumet
Yredelemnul
Zin

Shops:
D:4 [

Annotations:
D:3 exclusion: downstairs
D:5 exclusions: 2 downstairs and 2 phantoms


Innate Abilities, Weirdness & Mutations

You cannot wear most types of armour.
You are very stealthy in the water. (Stealth+)
You are amphibious.
You can wear up to eight rings at the same time.
You can use your tentacles to constrict eight enemies at once.
Your skin changes colour to match your surroundings (Stealth+).
Your rubbery body absorbs attacks. (AC +1, EV +1)
One of your tentacles bears a large vicious spike.


Message History

The gnoll hits you with a +1 vorpal hand axe!
* * * LOW HITPOINT WARNING * * *
x2
There is a stone staircase leading down here.
You fade into invisibility!
Your transformation is almost over.
The adder skeleton bites you.
* * * LOW HITPOINT WARNING * * *
The gnoll closely misses you.
The gnoll hits you from afar with a +0 spear.
* * * LOW HITPOINT WARNING * * *
The gnoll closely misses you. The adder bites you.
* * * LOW HITPOINT WARNING * * *
The adder skeleton closely misses you. The gnoll misses you.
The orc completely misses you.
You are very lightly contaminated with residual magic.
Okay, then.
Unknown command.
Okay, then.
Unknown command.
The gnoll hits you with a +1 vorpal hand axe.
You die...

#.# #..###..#...... #.#
#.## ##..##.... #.#
##.# ##.##.... #.# #..#
#..##### #########.#
#.## ##.## #.........#
#.# #..#
#######...###o### ##.##
#.....ggS..# #..###
#.....@.Zg.## ##...#
#........)<.# ###.#
####.###.g#.#########..
#.# #?..............
#.# #..........##...
..# #.#.........#.##
#..#..#...[........z
#.....).............
#.##..............##


You could see 4 gnolls, an adder, an orc and an adder skeleton.

Vanquished Creatures
  A water moccasin (D:6)
  An ogre (D:5)
  2 centaurs (D:6)
  A bullfrog (D:7)
  A wyvern skeleton (D:6)
  2 scorpions
  A howler monkey (D:4)
  2 wights (D:7)
  3 orc priests
  A gnoll shaman (D:7)
  2 hounds
  A bullfrog skeleton (D:6)
  A centaur skeleton (D:6)
  A jelly (D:6)
  5 orc wizards
  Jessica (D:3)
  An iguana (D:6)
  6 worker ants
  Ijyb (D:5)
  A hound skeleton (D:7)
  4 gnolls
  7 adders
  2 shadow imps (D:5)
  An ooze (D:1)
  An adder skeleton (D:6)
  6 worms
  6 dart slugs
  3 leopard geckos
  32 orcs
  5 giant cockroaches
  7 goblins
  10 hobgoblins
  3 jackals (D:4)
  7 kobolds
  3 quokkas
  5 bats
  2 frilled lizards
  A giant cockroach zombie (D:5)
  A leopard gecko skeleton (D:4)
  A leopard gecko zombie (D:7)
  14 rats
156 creatures vanquished.

Vanquished Creatures (others)
  An orc wizard (D:4)
1 creature vanquished.

Grand Total: 157 creatures vanquished

Notes
Turn   | Place    | Note
-------+----------+-------------------------------------------
     0 | D:1      | H0rd4k the Octopode Transmuter began the quest for the Orb.
     0 | D:1      | Reached XP level 1. HP: 13/13 MP: 3/3
    30 | D:1      | Reached XP level 2. HP: 12/18 MP: 5/5
   554 | D:1      | Reached XP level 3. HP: 21/23 MP: 6/6
   558 | D:1      | Learned a level 2 spell: Sticks to Snakes
   562 | D:1      | Learned a level 3 spell: Spider Form
   604 | D:1      | Reached skill level 1 in Stealth
  1429 | D:2      | Found a hide-covered altar of Uskayaw.
  1429 | D:2      | Found a glowing silver altar of Zin.
  1471 | D:2      | Found a faded altar of an unknown god.
  1616 | D:2      | Reached skill level 4 in Unarmed Combat
  1616 | D:2      | Reached XP level 4. HP: 9/28 MP: 5/7
  2821 | D:3      | Reached XP level 5. HP: 33/33 MP: 6/9
  3086 | D:3      | Noticed Jessica
  3101 | D:3      | Killed Jessica
  3506 | D:4      | Reached XP level 6. HP: 38/38 MP: 8/10
  3771 | D:4      | Found a bloodstained altar of Trog.
  3859 | D:4      | Reached skill level 5 in Unarmed Combat
  4100 | D:4      | Reached XP level 7. HP: 25/44 MP: 12/12
  4946 | D:4      | Found Ysymaliet's Armour Shoppe.
  5177 | D:5      | Entered Level 5 of the Dungeon
  5183 | D:5      | Found a blossoming altar of Fedhas.
  5292 | D:5      | Noticed Ijyb
  5296 | D:5      | Killed Ijyb
  5332 | D:5      | Found a snail-covered altar of Cheibriados.
  5337 | D:5      | Found a white marble altar of Elyvilon.
  6654 | D:5      | Found a basalt altar of Yredelemnul.
  6829 | D:5      | Reached XP level 8. HP: 23/50 MP: 14/14
  6831 | D:5      | Reached skill level 6 in Unarmed Combat
  8233 | D:6      | Reached skill level 1 in Evocations
  8769 | D:6      | Found a radiant altar of Vehumet.
  8895 | D:6      | Found a staircase to the Ecumenical Temple.
  9063 | D:6      | Reached skill level 7 in Unarmed Combat
  9153 | D:7      | Noticed a troll
  9273 | D:7      | Reached skill level 5 in Spellcasting
  9630 | D:7      | Got a shimmering hand axe
  9631 | D:7      | Identified the +6 hand axe "Xeusiph" {vorpal, *Rage rN++
                  | Stlth+} (You found it on level 7 of the Dungeon)
  9671 | D:7      | HP: 2/51 [adder (2)]
  9672 | D:7      | Slain by a gnoll

Illustrated notes

Levels and vault maps discovered:
D:1:      dpeg_arrival_tiny_d, layout_rooms, minmay_tromino_mix6
D:2:      layout_loops_ring, gammafunk_temple_overflow_pools,
          chequers_ecumenical_altar_simple
D:3:      layout_rooms, kennysheep_flooded_box, uniq_jessica
D:4:      minmay_general_purpose_star, layout_loops_ring, bloody_trog,
          serial_shops, shop, minmay_misc_feat_hallway, st_stairs_9,
          minivault_24
D:5:      layout_basic, lemuel_round_altar, lemuel_round_altar,
          grunt_temple_overflow_open, first_ration, uniq_ijyb
D:6:      layout_rooms, vehumet_altar_wand_db, minmay_temple_entry_arrows
D:7:      layout_rooms, okawaru_ov_weapons_minmay
D:8:      layout_basic, nemelex_altar_shiori, david_lair_shrubbed,
          uniq_gastronok

Skill      XL: |  1  2  3  4  5  6  7  8 |
---------------+-------------------------+-----
Stealth        | 1 2 3 4 |  4.4
Unarmed Combat | 4 5 7 |  7.4
Spellcasting   | 3 4 5 |  5.2
Transmutations | 3 4 |  4.5
Fighting       | 2 |  2.7
Dodging        | 3 |  3.3
Evocations     | 1 |  1.3
Throwing       | |  0.1

Action                   |  1- 3 |  4- 6 |  7- 9 || total
-------------------------+-------+-------+-------++-------
Melee: Unarmed           |    89 |   152 |   192 ||   433
       Constrict         |    25 |    42 |    45 ||   112
       Tentacles         |    19 |    22 |    38 ||    79
       Kick              |     1 |    41 |    58 ||   100
       Punch             |       |     1 |     9 ||    10
Throw: Dart              |       |       |     4 ||     4
 Cast: Beastly Appendage |     1 |    21 |    38 ||    60
       Sticks to Snakes  |       |       |     6 ||     6
Evoke: Wand              |       |       |    27 ||    27
  Use: Potion            |       |       |     7 ||     7
       Scroll            |       |       |     6 ||     6
 Stab: Sleeping          |     8 |     5 |     5 ||    18
  Eat: Chunk             |     2 |     8 |    14 ||    24
       Ration            |       |       |     1 ||     1
Armor: Skin              |     8 |     6 |     6 ||    20
Dodge: Dodged            |    44 |    71 |   130 ||   245
